 Dungeon Crawl Stone Soup version 0.28.0 (webtiles) character file.

Game seed: 15883088484524769775

560 Descartes the Ducker (level 7, -2/51 HPs)
             Began as a Djinni Warper on Feb 7, 2022.
             Was an Initiate of Gozag.
             Slain by Prince Ribbit (14 damage)
             ... on level 5 of the Dungeon.
             The game lasted 00:10:50 (4997 turns).

Descartes the Ducker (Djinni Warper)                Turns: 4997, Time: 00:10:51

Health: -2/51      AC:  9    Str: 12    XL:     7   Next: 57%
Gold:   739        EV:  6    Int: 14    God:    Gozag SH:  0 Dex: 13

rFire   + . .      SeeInvis .   i - +0 dagger (venom)
rCold   . . .      Faith    .   (no shield)
rNeg    . . .      Spirit   .   n - +0 chain mail
rPois   ∞          Reflect  .   (no helmet)
rElec   .          Harm     .   (no cloak)
rCorr   .          Rampage  .   (no gloves)
Will    .....                   (boots unavailable)
Stlth   ..........              (no amulet)
HPRegen 0.17/turn               o - ring of ice
MPRegen 0.00/turn               (no ring)

@: flying
A: sickness immunity, fire resistance 2, cold vulnerability 1, float, innate
caster, HP casting, extra vitality 1
a: Renounce Religion, Potion Petition, Call Merchant, Bribe Branch


You were on level 5 of the Dungeon.
You worshipped Gozag.
Gozag was pleased with you.
You visited 2 branches of the dungeon, and saw 6 of its levels.
You also visited: Sewer.

You collected 774 gold pieces.
You paid 35 gold pieces to Gozag.

Inventory:

Hand Weapons
 a - a +0 falchion
 i - a +0 dagger of venom (weapon)
 A - a +0 battleaxe
Missiles
 b - a boomerang
 d - 5 boomerangs of dispersal (quivered)
 g - 9 poisoned darts
 k - 72 stones
 p - 2 throwing nets
Armour
 n - a +0 chain mail (worn)
 r - a +0 kite shield
Jewellery
 o - a ring of ice (left hand)
Scrolls
 c - a scroll of blinking
 l - a scroll of enchant weapon {unknown}
 q - a scroll of fog {unknown}
 v - a scroll of teleportation {unknown}
 w - a scroll of acquirement
 x - a scroll of identify {unknown}
 y - a scroll of brand weapon {unknown}
 z - a scroll of immolation {unknown}
Potions
 e - 3 potions of heal wounds
 f - a potion of might {unknown}
 h - 2 potions of curing {unknown}
 j - a potion of cancellation {unknown}
 m - a potion of ambrosia {unknown}
 s - a potion of invisibility {unknown}
 t - 2 potions of lignification {unknown}
 u - 2 potions of mutation {unknown}


   Skills:
 + Level 3.7 Fighting
 + Level 3.3 Long Blades
 - Level 1.0 Throwing
 + Level 3.2 Armour
 + Level 4.1 Dodging
 + Level 1.1 Shields
 + Level 3.4 Spellcasting


You couldn't memorise any spells.
You knew the following spells:

 Your Spells              Type           Power      Damage    Failure   Level
a - Shock                 Conj/Air       48%        1d6       87%         1
b - Blink                 Tloc           24%        N/A       95%         2
c - Manifold Assault      Tloc           12%        N/A       100%        5
d - Teleport Other        Tloc           12%        N/A       99%         3
e - Lesser Beckoning      Tloc           12%        N/A       99%         3
f - Gell's Gravitas       Tloc           12%        N/A       99%         3
g - Searing Ray           Conj           24%        2d5       95%         2
h - Dazzling Flash        Conj/Hex       24%        N/A       99%         3
Your spell library was empty.

Dungeon Overview and Level Annotations

Branches:
Dungeon (5/15)             Temple (1/1) D:4           Sewer (visited)

Altars:
Ashenzari
Cheibriados
Elyvilon
Fedhas
Gozag
Hepliaklqana
Kikubaaqudgha
Makhleb
Nemelex Xobeh
Okawaru
Qazlal
Ru
Sif Muna
Uskayaw
Vehumet
Yredelemnul
Zin
The Shining One

Shops:
D:3 =

Annotations:
D:5 Prince Ribbit


Innate Abilities, Weirdness & Mutations

You are immune to sickness and miasma.
You are immune to poison.
Your flesh is very heat resistant. (rF++)
You are vulnerable to cold. (rC-)
You float through the air rather than walking.
You learn spells naturally, not from books.
Your magical power is your life essence.
You have superior vitality. (+4 MHP)


Message History

Prince Ribbit is moderately wounded.
Prince Ribbit hits you but does no damage.
Prince Ribbit barely misses you.
You closely miss Prince Ribbit.
Prince Ribbit is moderately wounded.
Prince Ribbit hits you!
You completely miss Prince Ribbit.
Prince Ribbit is moderately wounded.
Prince Ribbit hits you.
You barely miss Prince Ribbit.
Prince Ribbit is moderately wounded.
Prince Ribbit hits you.
You are too injured to fight recklessly!
You are too injured to fight recklessly!
You are too injured to fight recklessly!
You are too injured to fight recklessly!
You are too injured to fight recklessly!
You are too injured to fight recklessly!
You are too injured to fight recklessly!
You are too injured to fight recklessly!
You are too injured to fight recklessly!
You are too injured to fight recklessly!
You are too injured to fight recklessly!
Prince Ribbit hits you!
* * * LOW HITPOINT WARNING * * *
Prince Ribbit blinks!
Prince Ribbit hops awkwardly around.
Prince Ribbit catches a moth with his tongue.
You hit Prince Ribbit.
Prince Ribbit looks even sicker.
Prince Ribbit is heavily wounded.
Prince Ribbit hits you but does no damage.
You hit Prince Ribbit.
Prince Ribbit is heavily wounded.
Prince Ribbit hits you.
* * * LOW HITPOINT WARNING * * *
You closely miss Prince Ribbit.
Prince Ribbit is heavily wounded.
Prince Ribbit hits you!
You die...
Your body crumbles into a pile of gold.

...###..........≈..
....................≈.#
...........###.....≈.#
..........<......."≈.#
+#.................≈..
..................≈≈≈
##...##...###........
#..................##
+...@./...........##
#...F.........####...
#...............# .##
#..................#.. $
............##.........+
.............+........
............##.......#
.#+...##..#.##...?...+
+.......#+####.#####


You could see Prince Ribbit (very poisoned).

Vanquished Creatures
  Sigmund (D:2)
  A black bear (D:4)
  A hound (D:5)
  Terence (D:2)
  Jessica (D:3)
  A hell rat (Sewer)
  A killer bee zombie (D:4)
  5 adders
  2 river rats (Sewer)
  An adder skeleton (D:4)
  A worm (D:2)
  10 dart slugs
  2 orcs (D:3)
  5 ball pythons
  2 bats
  6 endoplasms
  8 giant cockroaches
  5 goblins
  6 hobgoblins
  7 jackals
  6 quokkas
  2 frilled lizards (D:1)
  4 kobolds
  8 rats
87 creatures vanquished.

Notes
Turn   | Place    | Note
-------+----------+-------------------------------------------
     0 | D:1      | Descartes the Djinni Warper began the quest for the Orb.
     0 | D:1      | Reached XP level 1. HP: 18/18 MP: 0/0
   279 | D:1      | Reached XP level 2. HP: 23/23 MP: 0/0
   537 | D:1      | Reached skill level 1 in Throwing
   635 | D:1      | Reached XP level 3. HP: 18/28 MP: 0/0
   635 | D:1      | Learned a level 1 spell: Shock
  1009 | D:2      | Noticed Sigmund
  1080 | D:2      | Noticed Terence
  1102 | D:2      | Found a faded altar of an unknown god.
  1112 | D:2      | Killed Terence
  1113 | D:2      | Reached XP level 4. HP: 14/34 MP: 0/0
  1486 | D:2      | Killed Sigmund
  1487 | D:2      | Reached skill level 3 in Dodging
  1487 | D:2      | Reached XP level 5. HP: 23/40 MP: 0/0
  1487 | D:2      | Learned a level 2 spell: Searing Ray
  1487 | D:2      | Reached XP level 6. HP: 26/46 MP: 0/0
  2943 | D:3      | Noticed Jessica
  2949 | D:3      | Killed Jessica
  3070 | D:3      | Found Rinilec's Jewellery Emporium.
  3339 | D:4      | Noticed a black bear
  3465 | D:4      | Identified a scroll of acquirement
  3465 | D:4      | Acquired 628 gold pieces
  3538 | D:4      | Reached XP level 7. HP: 39/50 MP: 0/0
  3538 | D:4      | Learned a level 3 spell: Dazzling Flash
  3602 | D:4      | Found a glowing drain.
  3615 | Sewer    | Entered a sewer
  4404 | D:4      | Found a staircase to the Ecumenical Temple.
  4440 | Temple   | Entered the Ecumenical Temple
  4618 | Temple   | Became a worshipper of Gozag Ym Sagoz the Greedy
  4671 | D:4      | Reached skill level 4 in Dodging
  4671 | D:4      | Reached skill level 1 in Shields
  4945 | D:5      | Entered Level 5 of the Dungeon
  4975 | D:5      | Noticed Prince Ribbit
  4997 | D:5      | Slain by Prince Ribbit

Illustrated notes

Levels and vault maps discovered:
D:1:      lemuel_arrival_lava_pool, layout_loops_cross
D:2:      layout_basic, nicolae_ecumenical_lake_church, uniq_sigmund,
          uniq_terence
D:3:      layout_rooms, serial_shops, nicolae_shop_advertising_works
          [nicolae_subvault_shop_adworks], kennysheep_decorative_pillar,
          nicolae_concentric_dashed_squares_wild, kennysheep_generic_room_14,
          uniq_jessica
D:4:      kennysheep_slugbush, layout_loops_cross,
          minmay_temple_entry_crystal_x, gup_sewer_entry_pipe
D:5:      nicolae_cairo_tiling_large, layout_basic,
          mainiacjoe_overflow_brackets, uniq_prince_ribbit1
Temple:   regret_index_temple_mists

Skill      XL: |  1  2  3  4  5  6  7 |
---------------+----------------------+-----
Throwing       | 1 |  1.0
Long Blades    | 2 3 |  3.3
Fighting       | 3 |  3.7
Armour         | 2 3 |  3.2
Dodging        | 3 4 |  4.1
Spellcasting   | 3 |  3.4
Shields        | 1 |  1.1

Action                   |  1- 3 |  4- 6 |  7- 9 || total
-------------------------+-------+-------+-------++-------
Melee: Falchion          |    47 |       |       ||    47
       Dagger            |    44 |   160 |   106 ||   310
       Punch             |       |     3 |     1 ||     4
  Use: Scroll            |       |     3 |       ||     3
Armor: Ring mail         |    32 |       |       ||    32
       Chain mail        |       |    96 |    64 ||   160
Dodge: Dodged            |    69 |    41 |    27 ||   137
